Cogmind - Beta 11.1 @@@ ROGUE MODE // 2022.07.09 @ 22:13:45 Player: Lazarus777 Result: Destroyed by Y-54 Guardian with Gatling Laser Performance ------------- Evolutions (3) 1500 Regions Visited (7) 1400 Robots Destroyed (54) 270 Value Destroyed (1480) 1480 Prototype IDs (29) 580 Alien Tech Used (0) 0 Bonus (145) 145 TOTAL SCORE: 5375 Bonus ------- Follower Combat Kills 7 Aligned with FarCom 300 Friendly Fire -162 Cogmind --------- Core Integrity 0/700 Matter 161/300 Energy 71/100 System Corruption 0% Temperature Cool (6) Movement Core (1500) Ox29 Location -7/Storage Parts ------- > --- POWER (2) -------- (None) > --- PROPULSION (4) --- (None) > --- UTILITY (5) ------ Huge Storage Unit Transport Network Coupler > --- WEAPON (2) ------- Precision Assault Rifle Precision Assault Rifle > --- INVENTORY (25) --- High-capacity Storage Unit Large Battery (200) High-capacity Matter Pod (200) Core Analyzer Core Analyzer Core Analyzer Core Shielding Weapon Shielding Hardened Heavy Armor Plating Hardlight Generator Hacking Suite Firepult Enhanced Autogun Enhanced Autogun Enhanced Autogun Enhanced Autogun Enhanced Autogun Precision Assault Rifle Mini Assault Cannon Improved Datajack EMP Trap Peak State ------------ > --- POWER ------------ Light Nuclear Core > --- PROPULSION ------- Improved Titanium Leg Improved Titanium Leg Improved Titanium Leg Improved Titanium Leg > --- UTILITY ---------- Huge Storage Unit Transport Network Coupler Utility Shielding Hardened Heavy Armor Plating > --- WEAPON ----------- Mini Assault Cannon Mini Assault Cannon > --- INVENTORY -------- High-capacity Storage Unit Large Battery High-capacity Matter Pod Core Analyzer Core Analyzer Core Analyzer Core Shielding Weapon Shielding Hardened Heavy Armor Plating Hardlight Generator Hacking Suite Firepult Enhanced Autogun Enhanced Autogun Enhanced Autogun Enhanced Autogun Enhanced Autogun Precision Assault Rifle Precision Assault Rifle Precision Assault Rifle Mini Assault Cannon Improved Datajack EMP Trap [Rating: 49] Favorites ----------- Power Improved Ion Engine Engine Improved Ion Engine Power Core Light Nuclear Core Propulsion Light Treads Treads Light Treads Leg Improved Titanium Leg Wheel Wheel Hover Unit Airjet Flight Unit Flight Unit Utility Huge Storage Unit Device Weight Redist. System Storage Huge Storage Unit Processor Targeting Computer Protection Utility Shielding Weapon Beamcaster Energy Gun Beamcaster Energy Cannon Particle Cannon Ballistic Gun Enhanced Autogun Ballistic Cannon Mini Assault Cannon Launcher Grenade Launcher Slashing Weapon Mining Claw Build | -11 -10 -10 -10 -9 -8 -7 -7 ------- Run | Scr Mat Min Exi Min Mat Fac Sto Slots Evolved 6 | . . . . . 4 2 . Power 1 | . . . . . 1 . . Propulsion 2 | . . . . . 2 . . Utility 3 | . . . . . 1 2 . Weapon . | . . . . . . . . Parts Attached 70 | 5 14 8 1 1 32 2 7 Power 7 | 1 2 1 . . 3 . . Engine 4 | 1 1 1 . . 1 . . Core 3 | . 1 . . . 2 . . Reactor . | . . . . . . . . Propulsion 23 | 2 4 2 . . 15 . . Treads 6 | . . 2 . . 4 . . Leg 8 | 2 2 . . . 4 . . Wheel 5 | . 2 . . . 3 . . Hover 2 | . . . . . 2 . . Flight 2 | . . . . . 2 . . Utility 11 | . 3 1 . 1 3 2 1 Device 5 | . 2 1 . 1 . 1 . Storage 2 | . 1 . . . 1 . . Processor 2 | . . . . . 1 1 . Hackware . | . . . . . . . . Protection 2 | . . . . . 1 . 1 Artifact . | . . . . . . . . Weapon 29 | 2 5 4 1 . 11 . 6 Energy Gun 7 | 1 . 1 . . 5 . . Energy Cannon 3 | . . 1 1 . 1 . . Ballistic Gun 11 | 1 3 . . . 4 . 3 Ballistic Cannon 3 | . . . . . . . 3 Launcher 3 | . . 2 . . 1 . . Special Weapon . | . . . . . . . . Impact Weapon . | . . . . . . . . Slashing Weapon 2 | . 2 . . . . . . Piercing Weapon . | . . . . . . . . Special Melee Weapon . | . . . . . . . . Unidentified Prototypes 6 | . . . . . 4 . 2 Parts Lost 16 | . . . . . 7 1 8 Power 2 | . . . . . 1 . 1 Propulsion 8 | . . . . . 4 . 4 Utility 3 | . . . . . . 1 2 Weapon 3 | . . . . . 2 . 1 Highest Loss Streak 8 | . . . . . 3 1 8 To Critical Strikes . | . . . . . . . . Average Slot Usage (%) 90 | . 91 97 97 85 81 90 64 Engine 10 | . 7 14 14 14 7 . . Core 2 | . 6 . . . 6 7 3 Treads 18 | . . 23 28 28 13 . . Leg 4 | . 7 3 . . 3 30 21 Wheel 1 | . 19 . . . . . . Device 10 | . 11 14 14 14 4 7 . Storage 11 | . 8 14 14 14 9 7 7 Processor 3 | . . . . . 9 13 7 Protection 1 | . . . . . 4 7 11 Energy Gun 8 | . 2 12 11 . 6 . . Energy Cannon 2 | . . . 2 14 4 . . Ballistic Gun 3 | . 23 . . . 5 15 3 Launcher 6 | . . 13 11 . . . . Naked Turns . | . . . . . . . . Heaviest Build 114 | 7 89 95 109 110 102 97 114 Greatest Support 80 | 20 20 46 46 40 80 80 80 Greatest Overweight (x) 30 | . 8 5 2 2 30 1 28 Average Overweight (x) 2 | . 2 2 2 2 3 1 2 Largest Inventory Capacity 25 | 5 25 25 25 25 25 25 25 Average Capacity 24 | 5 17 25 25 25 25 25 25 Most Carried 25 | 3 16 25 25 25 25 24 25 Average Carried 22 | 2 9 23 24 25 23 23 24 Final Capacity 25 | 5 25 25 25 25 25 25 25 Final Carried 25 | 3 15 25 25 25 25 24 23 Class Distribution -------------------- 67% | Scavenger-Mutant 32% | Mutant Dominant Class ---------------- Mutant | -10/Materials Scavenger-Mutant | -10/Mines Scavenger-Mutant | -10/Exiles Scavenger-Mutant | -9/Mines Scavenger-Mutant | -8/Materials Mutant | -7/Factory Mutant | -7/Storage Resources | -11 -10 -10 -10 -9 -8 -7 -7 ----------- Run | Scr Mat Min Exi Min Mat Fac Sto Matter Collected 1293 | 250 178 182 . 20 337 58 268 Remotely . | . . . . . . . . Salvage Created 2145 | . 180 293 . 43 1214 163 252 Parts 124 | . 10 12 . 8 77 4 13 Haulers Intercepted 2 | . . . . . 2 . . Recyclers Shooed 7 | . . 2 . . 5 . . Parts Field Recycled . | . . . . . . . . Retrieved Matter . | . . . . . . . . Parts Self-Destructed . | . . . . . . . . Prevented . | . . . . . . . . Kills | -11 -10 -10 -10 -9 -8 -7 -7 ------- Run | Scr Mat Min Exi Min Mat Fac Sto Combat Hostiles Destroyed 38 | . 4 . . 3 22 3 6 Guns 23 | . 4 . . . 16 3 . Cannons 8 | . . . . 1 1 . 6 AOE 7 | . . . . 2 5 . . Classes Destroyed 11 | . 1 1 . 1 7 . 1 Worker 1 | . . . . . 1 . . Builder 2 | . . . . . 2 . . Hauler 2 | . . . . . 2 . . Recycler 7 | . . 3 . . 4 . . Operator 1 | . . . . . 1 . . Watcher 2 | . . . . . 2 . . Swarmer 12 | . . . . 3 9 . . Grunt 22 | . 4 . . . 10 3 5 Brawler 1 | . . . . . 1 . . Duelist 1 | . . . . . . . 1 Sentry 2 | . . . . . 2 . . Thug 1 | . . 1 . . . . . Best Kill Streak 6 | . 2 2 . 3 6 3 4 Combat Bots Only 5 | . 2 . . 3 5 3 4 Max Kills in Single Turn 3 | . 1 1 . 3 2 1 1 Gunslinging . | . . . . . . . . Exploded 2 | . . . . 2 2 . . Melee . | . . . . . . . . Uniques/NPCs Destroyed . | . . . . . . . . Combat | -11 -10 -10 -10 -9 -8 -7 -7 -------- Run | Scr Mat Min Exi Min Mat Fac Sto Damage Taken 4047 | 77 124 . . 34 1421 221 2170 Core 1060 | . 10 . . 10 340 34 666 Absorbed by Shields . | . . . . . . . . Redirected to Shielding 52 | . . . . . 12 9 31 Core Remaining (%) 76 | 100 . . . 92 38 . . Volleys Fired 150 | . 11 13 . 2 83 15 26 Largest 2 | . 2 1 . 1 2 2 2 Hottest 250 | . 50 75 . 250 143 50 96 Shots Fired 201 | . 21 13 . 2 103 30 32 Gun 149 | . 21 9 . . 87 30 2 Cannon 44 | . . 4 . 2 8 . 30 Launcher 8 | . . . . . 8 . . Special . | . . . . . . . . Kinetic 98 | . 20 . . . 16 30 32 Thermal 68 | . 1 13 . 2 52 . . Explosive 8 | . . . . . 8 . . Electromagnetic 27 | . . . . . 27 . . Robot Hit Streak 14 | . 11 9 . 1 14 8 5 Robot Miss Streak 4 | . 1 4 . 3 3 2 3 Penetration Max . | . . . . . . . . Secondary Targets 1 | . . . . . . 1 . Max Gunslinging Chain 1 | . . . . . . 1 . Shots Hit Robots 138 | . 17 6 . 2 70 23 20 Core Hits 85 | . 9 5 . 3 51 6 11 Critical Kills . | . . . . . . . . Critical Parts Destroyed . | . . . . . . . . Critical Strikes 4 | . . . . . 3 . 1 Burn 3 | . . . . . 3 . . Blast 1 | . . . . . . . 1 Melee Attacks 7 | . 7 . . . . . . Impact . | . . . . . . . . Slashing 7 | . 7 . . . . . . Piercing . | . . . . . . . . Sneak Attacks . | . . . . . . . . Combat Hostiles . | . . . . . . . . Follow-up Attacks . | . . . . . . . . Damage Inflicted 3273 | . 178 128 . 77 1871 398 621 Guns 1779 | . 178 66 . . 1097 398 40 Cannons 802 | . . 62 . 23 144 . 573 Explosions 684 | . . . . 54 630 . . Melee . | . . . . . . . . Ramming 8 | . . . . . . . 8 Kinetic 1430 | . 178 . . . 241 398 613 Thermal 1012 | . . 128 . 77 807 . . Explosive 544 | . . . . . 544 . . Electromagnetic 279 | . . . . . 279 . . Impact . | . . . . . . . . Slashing . | . . . . . . . . Piercing . | . . . . . . . . Highest Corruption . | . . . . . . . . Average Corruption . | . . . . . . . . Corruption Purged . | . . . . . . . . Corruption Blocked . | . . . . . . . . Overload Shots . | . . . . . . . . Overflow Damage 61 | . . . . . 61 . . Projectiles . | . . . . . . . . Explosions 61 | . . . . . 61 . . Melee . | . . . . . . . . Knockbacks 9 | . . . . . . . 9 Impact . | . . . . . . . . Kinetic 6 | . . . . . . . 6 Secondary 3 | . . . . . . . 3 Self-Inflicted Damage 89 | . . . . . 89 . . Shots 5 | . . . . . 5 . . Rammed . | . . . . . . . . Targets Rammed 2 | . . . . . 1 . 1 Kicked 2 | . . . . . 1 . 1 Crushed . | . . . . . . . . Highest Temperature 547 | . 18 112 . 368 547 30 207 Average Temperature 109 | . 10 45 . 189 147 13 74 Received Heat Transfer 1962 | 42 72 . . . 693 162 993 Effects 11 | . . . . 2 9 . . Shutdowns 3 | . . . . . 3 . . Interference 2 | . . . . 2 . . . Short Circuit 3 | . . . . . 3 . . Damage (minor) 2 | . . . . . 2 . . Damage (core) 1 | . . . . . 1 . . Siege Activations . | . . . . . . . . Robots Corrupted . | . . . . . . . . Combat Hostiles . | . . . . . . . . Parts Fried . | . . . . . . . . Impact Corruptions 1 | . . . . . . . 1 Robots Melted . | . . . . . . . . Combat Hostiles . | . . . . . . . . Parts Melted 1 | . . . . . 1 . . Heat Transferred 2159 | . . 222 . 320 1617 . . Parts Sabotaged . | . . . . . . . . Parts Stolen . | . . . . . . . . Parts Stripped . | . . . . . . . . Power Chain Reactions 1 | . . . . . 1 . . Missiles Intercepted . | . . . . . . . . Alert | -11 -10 -10 -10 -9 -8 -7 -7 ------- Run | Scr Mat Min Exi Min Mat Fac Sto Peak Influence 409 | . 132 66 . 123 409 204 149 Initial 142 | . . 51 . . 47 142 92 Average 99 | . 75 13 . 49 198 146 85 Maximum Alert Level 2 | . . . . . 2 1 . Low Security (%) 81 | 100 100 100 . 100 50 94 100 Level 1 16 | . . . . . 43 5 . Level 2 2 | . . . . . 6 . . Level 3 . | . . . . . . . . Level 4 . | . . . . . . . . Level 5 . | . . . . . . . . High Security . | . . . . . . . . Max Security . | . . . . . . . . Squads Dispatched 7 | . . . . . 3 1 3 Investigation 1 | . . . . . 1 . . Extermination . | . . . . . . . . Reinforcement 3 | . . . . . 1 1 1 Assault 2 | . . . . . . . 2 Garrison 1 | . . . . . 1 . . Intercept . | . . . . . . . . Searches Triggered . | . . . . . . . . Construction Impeded 1 | . . . . . . . 1 Haulers Reinforced . | . . . . . . . . Active Scanning Responses . | . . . . . . . . Cargo Convoy Interrupts . | . . . . . . . . Stealth | -11 -10 -10 -10 -9 -8 -7 -7 --------- Run | Scr Mat Min Exi Min Mat Fac Sto Distress Signals 5 | . . . . . 3 1 1 Communications Jammed . | . . . . . . . . Distress Signals . | . . . . . . . . Times Spotted 65 | 1 8 . . 4 33 5 14 Peak Tracking Total 8 | 1 3 . . 4 5 5 8 Tactical Retreats . | . . . . . . . . Traps | -11 -10 -10 -10 -9 -8 -7 -7 ------- Run | Scr Mat Min Exi Min Mat Fac Sto Traps Triggered 2 | . . . . . 2 . . Indirectly . | . . . . . . . . Trap Hack Attempts . | . . . . . . . . Triggered . | . . . . . . . . Disarmed . | . . . . . . . . Reprogrammed . | . . . . . . . . Reused . | . . . . . . . . Traps Extracted . | . . . . . . . . Installed 1 | . . . . . . . 1 Triggered . | . . . . . . . . Most Traps Carried 3 | . . 3 3 3 3 2 2 Machines | -11 -10 -10 -10 -9 -8 -7 -7 ---------- Run | Scr Mat Min Exi Min Mat Fac Sto Machines Disabled 6 | . . . . . 5 . 1 Max in Single Turn 1 | . . . . . 1 . 1 Machines Sabotaged . | . . . . . . . . Garrisons Compromised . | . . . . . . . . Overloaded Fab Kills . | . . . . . . . . Hacking | -11 -10 -10 -10 -9 -8 -7 -7 --------- Run | Scr Mat Min Exi Min Mat Fac Sto Machines Accessed 9 | . . 1 5 . 2 . 1 Terminals 3 | . . 1 . . 1 . 1 Fabricators . | . . . . . . . . Repair Stations . | . . . . . . . . Recycling Units 1 | . . . . . 1 . . Scanalyzers . | . . . . . . . . Garrison Access . | . . . . . . . . Total Hacks 62 | . . 5 50 . 4 . 3 Successful 56 | . . 2 50 . 2 . 2 Failed 6 | . . 3 . . 2 . 1 Catastrophic 2 | . . . . . 2 . . Database Lockouts . | . . . . . . . . Manual 7 | . . . 1 . 3 . 3 Terminals 11 | . . 5 . . 3 . 3 Fabricators . | . . . . . . . . Repair Stations . | . . . . . . . . Recycling Units 1 | . . . . . 1 . . Scanalyzers . | . . . . . . . . Garrison Access . | . . . . . . . . Terminal Hacks 54 | . . 2 50 . . . 2 Record 50 | . . 1 49 . . . . Terminal Index 1 | . . . . . . . 1 Scanalyzer Index 1 | . . . . . . . 1 Zone Layout 1 | . . 1 . . . . . EX-Prototype ID Bank 1 | . . . 1 . . . . Fabricator Hacks . | . . . . . . . . Repair Station Hacks . | . . . . . . . . Recycling Unit Hacks 1 | . . . . . 1 . . Report Inventory 1 | . . . . . 1 . . Scanalyzer . | . . . . . . . . Garrison Access Hacks . | . . . . . . . . Unauthorized Hacks 1 | . . . . . 1 . . Terminals 1 | . . . . . 1 . . Track 1 | . . . . . 1 . . Fabricators . | . . . . . . . . Repair Stations . | . . . . . . . . Recycling Units . | . . . . . . . . Scanalyzers . | . . . . . . . . Garrison Access . | . . . . . . . . Data Cores Recovered . | . . . . . . . . Used . | . . . . . . . . Hacking Detections 3 | . . 1 . . 1 . 1 Full Trace Events 1 | . . . . . 1 . . Feedback Events . | . . . . . . . . Feedback Blocked . | . . . . . . . . Robot Schematics Acquired . | . . . . . . . . Robots Built . | . . . . . . . . Authchips . | . . . . . . . . Time . | . . . . . . . . Total Robot Build Rating . | . . . . . . . . Part Schematics Acquired . | . . . . . . . . Parts Built . | . . . . . . . . Authchips . | . . . . . . . . Time . | . . . . . . . . Total Part Build Rating . | . . . . . . . . Parts Repaired . | . . . . . . . . Time . | . . . . . . . . Parts Recycled . | . . . . . . . . Recycled Matter . | . . . . . . . . Retrieved Matter . | . . . . . . . . Retrieved Components . | . . . . . . . . Parts Scanalyzed . | . . . . . . . . Part Schematics Acquired . | . . . . . . . . Parts Damaged . | . . . . . . . . Bothacking | -11 -10 -10 -10 -9 -8 -7 -7 ------------ Run | Scr Mat Min Exi Min Mat Fac Sto Used RIF Installer . | . . . . . . . . Robots Hacked . | . . . . . . . . Non-combat . | . . . . . . . . Combat . | . . . . . . . . Robot Hacks Applied . | . . . . . . . . Relay Couplers Released . | . . . . . . . . Fabnet Peak Effective % . | . . . . . . . . Robots Rewired . | . . . . . . . . Allies Hacked . | . . . . . . . . Hacks Repelled . | . . . . . . . . Allies | -11 -10 -10 -10 -9 -8 -7 -7 -------- Run | Scr Mat Min Exi Min Mat Fac Sto Total Allies 5 | . . . . 3 . . 2 Largest Group 3 | . . . . 3 3 . 2 Highest-Rated Group 62 | . . . . 40 40 . 62 Highest-Rated Ally 31 | . . . . 16 16 . 31 Total Orders 9 | . . . . 2 7 . . STAY 4 | . . . . . 4 . . FOLLOW 1 | . . . . . 1 . . GUARD 2 | . . . . 1 1 . . AID 2 | . . . . 1 1 . . Ally Attacks 24 | . . . . 4 . . 20 Total Damage 374 | . . . . 44 . . 330 Kills 1 | . . . . 1 . . . Allies Corrupted . | . . . . . . . . Allies Melted . | . . . . . . . . Intel | -11 -10 -10 -10 -9 -8 -7 -7 ------- Run | Scr Mat Min Exi Min Mat Fac Sto Robot Analysis Total . | . . . . . . . . Derelict Logs Recovered 2 | . . 2 . . . . . Drone Launches . | . . . . . . . . Drone Recoveries . | . . . . . . . . Exploration | -11 -10 -10 -10 -9 -8 -7 -7 ------------- Run | Scr Mat Min Exi Min Mat Fac Sto Turns Passed 6607 | 120 391 1741 1704 313 1779 342 217 Spaces Moved 2005 | 92 201 519 530 97 385 128 53 Core 34 | 19 . . . . 13 . 2 Treads 1286 | . . 455 530 97 204 . . Legs 436 | 73 34 64 . . 86 128 51 Wheels 191 | . 167 . . . 24 . . Hover 55 | . . . . . 55 . . Flight 3 | . . . . . 3 . . Fastest Speed 50 | 50 80 320 320 320 123 200 200 Average Speed 285 | 105 144 321 320 320 328 200 251 Slowest Speed 1800 | 120 400 470 320 320 1800 200 1450 Overloaded Moves . | . . . . . . . . Propulsion Burnouts . | . . . . . . . . Robots Hopped . | . . . . . . . . Cave-ins Triggered . | . . . . . . . . Exploration Rate (%) 36 | 6 35 91 93 31 24 2 11 Regions Visited 7 Branch Regions 4 Pre-discovered Areas 2 | . . 1 1 . . . . Known Exits Taken . | . . . . . . . . Unknown Exits Taken 7 | 1 1 1 1 1 1 1 . Scrap Searched 1 | . . 1 . . . . . Spaces Dug 4 | . 4 . . . . . . Terrain Destroyed 46 | . 4 . . 12 23 . 7 Melee 4 | . 4 . . . . . . Projectile 7 | . . . . . . . 7 AOE 35 | . . . . 12 23 . . Terrain Rammed . | . . . . . . . . Walls Destroyed . | . . . . . . . . Machines Disabled . | . . . . . . . . Actions | -11 -10 -10 -10 -9 -8 -7 -7 --------- Run | Scr Mat Min Exi Min Mat Fac Sto Total 2720 | 112 269 582 543 99 810 197 108 Wait 352 | 13 14 18 . . 250 52 5 Move 1998 | 91 200 518 529 96 384 127 53 Hop . | . . . . . . . . Pick Up 74 | 3 15 15 6 . 26 1 8 Fast Attach 28 | 5 6 2 . . 15 . . Attach 25 | . 3 2 1 . 12 2 5 Detach 6 | . 1 3 . . 1 . 1 Swap 17 | . 5 4 . 1 5 . 2 Drop 60 | . 7 7 7 . 33 . 6 Fire 150 | . 11 13 . 2 83 15 26 Melee 7 | . 7 . . . . . . Ram . | . . . . . . . . Kick 2 | . . . . . 1 . 1 Crush . | . . . . . . . . Escape Stasis . | . . . . . . . . Rewire . | . . . . . . . . Trap 1 | . . . . . . . 1 Miscellaneous . | . . . . . . . . Route ------- -11/Scrapyard -10/Materials -10/Mines (discovered 2 exits: [*Mat] / *Exi) -10/Exiles (discovered 2 exits: [*Min x2]) -9/Mines (discovered 2 exits: *Mat x2) -8/Materials -7/Factory -7/Storage History --------- Turn | Location | Event 2 | -11/Scrapyard | Met Revision 17 65 | -11/Scrapyard | Discovered new exit (range 8) 121 | -11/Scrapyard | Entered Materials 271 | -10/Materials | Discovered new exit (range 13) 307 | -10/Materials | Build established: Mutant 512 | -10/Materials | Entered Mines 556 | -10/Mines | Learned Materials security intel 655 | -10/Mines | Joined a pair of Derelicts in attacking an 0b10 outpost 954 | -10/Mines | Build established: Scavenger-Mutant 960 | -10/Mines | Learned location of Zion (-7) 1286 | -10/Mines | Found a hidden stash of uninstalled traps 2010 | -10/Mines | Deemed a non-threat by the Exiles lab entrance 2010 | -10/Mines | Discovered new exit (range 5) 2118 | -10/Mines | Discovered new exit (range 6) 2253 | -10/Mines | Entered Exiles 2301 | -10/Exiles | Discovered new exit (range 15) 2391 | -10/Exiles | Met 8R-AWN 2442 | -10/Exiles | Met EX-HEX 2676 | -10/Exiles | Visited The Gauntlet 3030 | -10/Exiles | Met EX-DEC 3445 | -10/Exiles | Met EX-BIN 3487 | -10/Exiles | Aligned with FarCom system 3490 | -10/Exiles | Given EX-Vault access code 3624 | -10/Exiles | Opened EX-Vault 3648 | -10/Exiles | Found Firepult 3720 | -10/Exiles | Warned to stay clear of 0b10 Research branches 3931 | -10/Exiles | Discovered new exit (range 10) 3946 | -10/Exiles | Build established: Mutant 3957 | -10/Exiles | Left Exiles lab with Firepult 3957 | -10/Exiles | Entered Mines 4125 | -9/Mines | Discovered new exit (range 6) 4149 | -9/Mines | Assisted by bots powering up and referring to "LRC-V3" 4251 | -9/Mines | Discovered new exit (range 6) 4263 | -9/Mines | Build established: Scavenger-Mutant 4270 | -9/Mines | Entered Materials 4270 | -8/Materials | Accompanied by 3 allies 4270 | -8/Materials | Evolved 4 slots: Power x1, Propulsion x2, Utility x1 5276 | -8/Materials | Core integrity fell below 50% 5325 | -8/Materials | Garrison activated, responded to threat 5337 | -8/Materials | Lost 3 parts (1p2n) 5454 | -8/Materials | Discovered new exit (range 13) 5615 | -8/Materials | Build established: Mutant 6049 | -8/Materials | Entered Factory 6049 | -7/Factory | Evolved 2 slots: Utility x2 6266 | -7/Factory | Discovered new exit (range 8) 6391 | -7/Factory | Entered Storage 6405 | -7/Storage | Met a pair of Derelict thieves 6559 | -7/Storage | Core integrity fell below 50% 6592 | -7/Storage | Core integrity fell below 20% 6608 | -7/Storage | Destroyed by Y-54 Guardian with Gatling Laser Last Messages --------------- 06582_ R-06 Scavenger collects Carbon-fiber Leg. 06583_ G-50 Soldier destroyed. 06584_ K-01 Serf collects debris. 06585_ R-06 Scavenger collects Aluminum Leg. 06585_ G-47 Trooper suffers critical hit (Blast). 06585_ G-47 Trooper knocked back. 06587_ K-01 Serf collects debris. 06587_ R-06 Scavenger collects Imp. Heat Sink. 06589_ R-06 Scavenger collects Adv. Heat Sink. 06591_ G-47 Trooper destroyed. 06592_ K-01 Serf collects debris. 06592_ R-06 Scavenger collects Carbon-fiber Leg. 06593_ G-47 Trooper destroyed. 06595_ K-01 Serf collects debris. 06595_ U-05 Engineer destroyed. 06597_ G-47 Trooper destroyed. 06602_ K-01 Serf collects debris. 06605_ Mni. Assault Cannon destroyed. [Achievement: First Step to Greatness] [Achievement: 5k Club] Map ----- +----------------------------------------------------+ | | | | | | | | | ????????????????????????????????????????????? | | ????????????????????????????????????????????? | | ????????????????????????????????????????????? | | ????????????????????????????????????????????? | | ????????????????????????????????????????????? | | ????????????????????????????????????????????? | | ????????????????????????????????????????????? | | ????????????????????????????????????????????? | | ???????????????????????????????Y????????????? | | ??????????????????????????? ???#####????????? | | ??????????????????????# """ ??# #????????? | | ??????????????????????# # #????????? | | ??????????????????????# """"" # #??######? | | ??????????????????????# """"" ?# #### [! #? | | ??????????????????????# """""??# ##T#! #? | | ???????????????????????? w ?? # + " #? | | ???????????###T###########+###;# # ][#? | | ???????????# ][% # " #? | | ???????????# % |=% =! # # ^ #? | | ???????????# %% % %uu** #########? | | ???????????# ##########Y/k####T###????????? | | ?????????????????????# @* %% ###??????????? | | ?????????????????????# """% "" #????????????? | | ?????????????????????# """[%"" #????????????? | | ?????????????????????# """ """ #????????????? | | ????????????????g????# """ """ #????????????? | | ????????????????b????# """ """ #????????????? | | ?????????????????g???#?? #????????????? | | ??????a?????????????????? ?#????????????? | | ????????????????g????????####???????????????? | | ????????????????????????????????????????????? | | ????????????????????????????????????????????? | | ?????????????a??????????????????????????????? | | ????????????????????????????????????????????? | | ????????????????????????????????????????????? | | ????????????????????????????????????????????? | | ????????????????????????????????????????????? | | ??????????????????a?????????????????????????? | | ????????????????????????Y???????????????????? | | ????????????????????????????????????????????? | | ????????????????????????????????????????????? | | ?????????????a??????????????????????????????? | | ????????????????????????????????????????????? | | ????????????????????????????????????????????? | | ????????????????????????????????????????????? | | ????????????????????????????????????????????? | +----------------------------------------------------+ Best States ------------- Heat Dissipation 49 Energy Generation 23 Energy Capacity 415 Matter Stores 300 Matter Capacity 300 Sight Range 16 Terrain Scan Density 10 Additional Mass Support 6 Armor Coverage 600 Utility Shielding 33 Evasion (%) 55 Targeting Accuracy 5 Recoil Reduction 4 Item Schematics ----------------- None Robot Schematics ------------------ None Fabricated ------------ Nothing Alien Tech Used ----------------- None Achievements -------------- 5k Club Backstab Crack Shot First Step to Greatness Hey, That's Mine! Librarian Loot Pinata Made in Tau Ceti IV One Hack Too Far Oops Risk Taker Tourist Troublemaker True Hacker Uninvited Guest Universal Adapter Challenges ------------ None Game ------ Seed ThermicCorruptionDissipator Manual? 0 Play Time 01:14:40 Cumulative 2.4 hours Start 2022.07.09 @ 20:17:51 End 2022.07.09 @ 22:13:45 Sessions 1 Manual Loads 0 Difficulty Rogue Special Mode None Game No. 1 Rogue 1 Adventurer 0 Explorer 0 Win Type - Total 0 Types 0/0/0/0/0/0/0/0/0 Lore% 9 Gallery% 3 Achievement% 6 Wizard Run 0 Options --------- ASCII 0 Keyboard 0 Movement Mouse Keybinds 0 Fullscreen 1 Font 14/Cog Map View 84x54 Tactical HUD 1 Map Filters NONE Filters NONE Steam 0 RUN: c4a466d0-72cb-4ae8-a669-45b19f37a045